 Dungeon Crawl Stone Soup version 0.28.0-45-g0d030f2227 (webtiles) character file.

Game seed: 2748611789923727749

142 101zpm the Chopper (level 5, -1/47 HPs)
             Began as a Gnoll Cinder Acolyte on Apr 21, 2022.
             Was a Believer of Ignis.
             Succumbed to a kobold's poison
             ... on level 3 of the Dungeon.
             The game lasted 00:05:01 (2291 turns).

101zpm the Chopper (Gnoll Cinder Acolyte)           Turns: 2291, Time: 00:05:01

Health: -1/47      AC:  8    Str: 14    XL:     5   Next: 24%
Magic:  9/9        EV:  6    Int: 13    God:    Ignis [**....]
Gold:   55         SH:  0    Dex:  9    Spells: 10/10 levels left

rFire   + . .      SeeInvis .   d - +0 hand axe
rCold   . . .      Faith    .   (no shield)
rNeg    . . .      Spirit   .   h - +0 chain mail
rPois   .          Reflect  .   (no helmet)
rElec   .          Harm     .   (no cloak)
rCorr   .          Rampage  .   (no gloves)
Will    .....                   (no boots)
Stlth   ..........              (no amulet)
HPRegen 0.15/turn               (no ring)
MPRegen 0.11/turn               (no ring)

@: lethally poisoned (-1 -> -8)
A: fangs 1, strong nose, distributed training
a: Renounce Religion, Fiery Armour, Foxfire Swarm, Rising Flame


You were on level 3 of the Dungeon.
You worshipped Ignis.
Ignis was pleased with you.
You visited 1 branch of the dungeon, and saw 3 of its levels.

You collected 55 gold pieces.

Inventory:

Hand Weapons
 a - a -1 hand axe of flaming
 d - a +0 hand axe (weapon)
Armour
 b - a +0 robe
 h - a +0 chain mail (worn)
Scrolls
 c - 3 scrolls of identify {unknown}
 f - a scroll of brand weapon {unknown}
 i - a scroll of vulnerability {unknown}
 j - 2 scrolls of enchant armour {unknown}
 k - a scroll of fear {unknown}
 m - a scroll of teleportation {unknown}
Potions
 e - 3 potions of heal wounds {unknown}
 g - a potion of degeneration {unknown}
 l - a potion of curing {unknown}


   Skills:
 + Level 6.7 Fighting
 + Level 1.4 Short Blades
 + Level 1.4 Long Blades
 + Level 6.7 Axes
 + Level 1.4 Maces & Flails
 + Level 1.4 Polearms
 + Level 1.4 Staves
 + Level 1.4 Slings
 + Level 1.4 Bows
 + Level 1.4 Crossbows
 + Level 1.4 Throwing
 + Level 1.4 Armour
 + Level 1.4 Dodging
 + Level 1.4 Stealth
 + Level 1.4 Shields
 + Level 1.4 Unarmed Combat
 + Level 3.1 Spellcasting
 + Level 1.1 Conjurations
 + Level 1.1 Hexes
 + Level 1.1 Summonings
 + Level 1.1 Necromancy
 + Level 1.1 Translocations
 + Level 1.1 Transmutations
 + Level 5.5 Fire Magic
 + Level 1.1 Ice Magic
 + Level 1.1 Air Magic
 + Level 1.1 Earth Magic
 + Level 1.1 Poison Magic
 + Level 1.6 Invocations
 + Level 1.4 Evocations


You had 10 spell levels left.
You didn't know any spells.
Your spell library contained the following spells:

 Spells                   Type           Power      Damage    Failure   Level
 Scorch                   Fire           32%        2d7       67%         2
 Ensorcelled Hibernation  Hex/Ice        10%        N/A       99%         2
 Passwall                 Tmut/Erth      4%         N/A       99%         2
 Swiftness                Air            5%         N/A       100%        3


Dungeon Overview and Level Annotations

Branches:
Dungeon (3/15)

Altars:

Annotations:
D:3 2 transporters


Innate Abilities, Weirdness & Mutations

You have very sharp teeth.
Your uncanny sense of smell can sniff out nearby items.
Your experience applies equally to all skills.


Message History

You feel sick. The adder bites you.
You are more poisoned.
The adder poisons you!
You miss the adder.
The adder is heavily wounded.
You feel very sick. The adder bites you but does no damage.
The kobold throws a poisoned dart.
The poisoned dart hits you!
You are lethally poisoned!
You are too injured to fight recklessly!
You are too injured to fight recklessly!
You are too injured to fight recklessly!
You are too injured to fight recklessly!
You are too injured to fight recklessly!
You are too injured to fight recklessly!
You are too injured to fight recklessly!
You are too injured to fight recklessly!
You are too injured to fight recklessly!
You are too injured to fight recklessly!
You are too injured to fight recklessly!
You are too injured to fight recklessly!
You are too injured to fight recklessly!
You are too injured to fight recklessly!
You are too injured to fight recklessly!
You are too injured to fight recklessly!
You are too injured to fight recklessly!
You feel very sick.
* * * LOW HITPOINT WARNING * * *
You feel very sick. The shadow imp puffs mist at you.
* * * LOW HITPOINT WARNING * * *
You feel very sick. The adder bites you.
* * * LOW HITPOINT WARNING * * *
* * * LOW HITPOINT WARNING * * *
You feel sick.
* * * LOW HITPOINT WARNING * * *
You feel sick.
The shadow imp shouts, "Slither home, thou erky moldwarp minnow reeky!"
You die...

.##..#5≈...≈5#.#.# ##
.....#5≈...≈.#.#.#
.#...#.≈≈≈≈≈.#.#.#
.#...#.≈≈♣≈≈.#.#.# #
.....#.≈P≈≈≈5#...# #
.....#.≈...≈o#...# # #
.....#.≈...≈5#...# ..
.....####+####...######.# ###
#....#P../..P#..@..^....# #
#....#8P.©.P8#S#.######## #
#....#########K#.#
...#.....©.....#.#
##.#####...#.###.# #†######.##.#
#.# #.............#.#######
#.#####.........##....##########
#.# #...≈≈≈...#...............


You could see an orc priest, an adder and 2 shadow imps.

Vanquished Creatures
  A centaur zombie (D:3)
  A hound skeleton (D:2)
  2 gnolls
  An adder (D:3)
  A worm (D:2)
  2 dart slugs
  5 orcs
  3 bats (D:1)
  5 endoplasms
  A giant cockroach (D:3)
  5 goblins
  4 jackals (D:1)
  4 kobolds (D:1)
  6 quokkas
  11 ball pythons
  2 frilled lizards (D:3)
  8 rats
62 creatures vanquished.

Vanquished Creatures (others)
  38 foxfires (D:2)
38 creatures vanquished.

Grand Total: 100 creatures vanquished

Notes
Turn   | Place    | Note
-------+----------+-------------------------------------------
     0 | D:1      | 101zpm the Gnoll Cinder Acolyte began the quest for the
                  | Orb.
     0 | D:1      | Reached XP level 1. HP: 23/23 MP: 4/4
   360 | D:1      | Reached XP level 2. HP: 22/29 MP: 5/5
   864 | D:1      | Reached XP level 3. HP: 34/35 MP: 7/7
   959 | D:1      | Found a faded altar of an unknown god.
  1363 | D:2      | Reached skill level 1 in Invocations
  1413 | D:2      | Reached skill level 1 in Short Blades
  1413 | D:2      | Reached skill level 1 in Long Blades
  1413 | D:2      | Reached skill level 1 in Maces & Flails
  1413 | D:2      | Reached skill level 1 in Polearms
  1413 | D:2      | Reached skill level 1 in Staves
  1413 | D:2      | Reached skill level 1 in Slings
  1413 | D:2      | Reached skill level 1 in Bows
  1413 | D:2      | Reached skill level 1 in Crossbows
  1413 | D:2      | Reached skill level 1 in Throwing
  1413 | D:2      | Reached skill level 1 in Armour
  1413 | D:2      | Reached skill level 1 in Dodging
  1413 | D:2      | Reached skill level 1 in Stealth
  1413 | D:2      | Reached skill level 1 in Shields
  1413 | D:2      | Reached skill level 1 in Unarmed Combat
  1413 | D:2      | Reached skill level 1 in Evocations
  1470 | D:2      | Reached XP level 4. HP: 41/41 MP: 8/8
  1915 | D:3      | Reached skill level 1 in Conjurations
  1915 | D:3      | Reached skill level 1 in Hexes
  1915 | D:3      | Reached skill level 1 in Summonings
  1915 | D:3      | Reached skill level 1 in Necromancy
  1915 | D:3      | Reached skill level 1 in Translocations
  1915 | D:3      | Reached skill level 1 in Transmutations
  1915 | D:3      | Reached skill level 1 in Ice Magic
  1915 | D:3      | Reached skill level 1 in Air Magic
  1915 | D:3      | Reached skill level 1 in Earth Magic
  1915 | D:3      | Reached skill level 1 in Poison Magic
  2064 | D:3      | Reached XP level 5. HP: 39/47 MP: 9/9
  2198 | D:3      | Found a transporter.
  2265 | D:3      | Found a transporter.
  2290 | D:3      | HP: 1/47 [poisoned by a kobold]
  2291 | D:3      | Succumbed to a kobold's poison

Illustrated notes

Levels and vault maps discovered:
D:1:      dpeg_arrival_subterranean_lakeside_camping, layout_loops_ring,
          nicolae_ecumenical_snake_handling
D:2:      layout_loops_ring
D:3:      gammafunk_wand_slinger, layout_loops_ring, minivault_11,
          serial_park_tiny_pond

Skill      XL: |  1  2  3  4 |
---------------+-------------+-----
Invocations    | 1 |  1.6
Short Blades   | 1 |  1.4
Long Blades    | 1 |  1.4
Maces & Flails | 1 |  1.4
Polearms       | 1 |  1.4
Staves         | 1 |  1.4
Slings         | 1 |  1.4
Bows           | 1 |  1.4
Crossbows      | 1 |  1.4
Throwing       | 1 |  1.4
Armour         | 1 |  1.4
Dodging        | 1 |  1.4
Stealth        | 1 |  1.4
Shields        | 1 |  1.4
Unarmed Combat | 1 |  1.4
Evocations     | 1 |  1.4
Spellcasting   | 3 |  3.1
Conjurations   | 1 |  1.1
Hexes          | 1 |  1.1
Summonings     | 1 |  1.1
Necromancy     | 1 |  1.1
Translocations | 1 |  1.1
Transmutations | 1 |  1.1
Ice Magic      | 1 |  1.1
Air Magic      | 1 |  1.1
Earth Magic    | 1 |  1.1
Poison Magic   | 1 |  1.1
Fighting       | |  6.7
Axes           | |  6.7
Fire Magic     | |  5.5

Action                   |  1- 3 |  4- 6 || total
-------------------------+-------+-------++-------
Melee: Hand axe          |    92 |    95 ||   187
       Bite              |     5 |     6 ||    11
       Punch             |       |     4 ||     4
Invok: Foxfire Swarm     |     5 |     1 ||     6
Armor: Robe              |    19 |       ||    19
       Chain mail        |       |    51 ||    51
Dodge: Dodged            |    46 |    33 ||    79
